 Dungeon Crawl Stone Soup version 0.14.1-24-gbdbe590 (webtiles) character file.

240 Kenran the Ruffian (level 5, -1/45 HPs)
             Began as a Minotaur Monk on June 20, 2014.
             Slain by an orc (3 damage)
             ... on Level 3 of the Dungeon.
             The game lasted 00:07:09 (2356 turns).

Kenran the Ruffian (Minotaur Monk)                  Turns: 2356, Time: 00:07:09

HP  -1/45        AC  2     Str 16      XL: 5   Next:  5%
MP   2/2         EV 13     Int  7      God:
Gold 96          SH  0     Dex 13      Spells:  0 memorised,  4 levels left

rFire  . . .     SeeInvis .       - Unarmed
rCold  . . .     Clarity  .     e - +0 robe
rNeg   . . .     Conserve .     (no shield)
rPois  .         rCorr    .     (helmet restricted)
rElec  .         rRot     .     (no cloak)
SustAb . .       Spirit   .     (no gloves)
rMut   .         Warding  .     (no boots)
Saprov . . .     Stasis   .     (no amulet)
MR     .....                    (no ring)
                                (no ring)

@: not resistant to hostile enchantments, unstealthy
A: retaliatory headbutt, horns 2
a: no special abilities


You were on level 3 of the Dungeon.
You were not hungry.

You visited 1 branch of the dungeon, and saw 3 of its levels.

You collected 96 gold pieces.

Inventory:

Armour
 e - a +0 robe (worn)
Magical devices
 j - a wand of flame (15) {unknown}
Comestibles
 b - 2 bread rations
 i - a meat ration
Scrolls
 g - a scroll of remove curse
Jewellery
 l - an uncursed ring of sustenance {unknown}
Potions
 a - a potion of agility {unknown}
 c - 2 potions of restore abilities
 d - a potion of haste {unknown}
 f - 2 potions of might {unknown}


   Skills:
 - Level 3.6 Fighting
 - Level 3.2 Dodging
 - Level 1.5 Stealth
 + Level 7.0 Unarmed Combat


You had 4 spell levels left.
You didn't know any spells.

Dungeon Overview and Level Annotations

Branches:
Dungeon (3/15)

Altars:
Ashenzari


Innate Abilities, Weirdness & Mutations

You reflexively headbutt those who attack you in melee.
You have a pair of horns on your head.


Message History

The orc misses you.
You hit something.
Reactivating autopickup.
Your Unarmed Combat skill increases to level 7!
You have reached level 5!
You feel a bit more experienced.
You hit the orc but do no damage.
The orc is moderately wounded.
The orc hits you but does no damage.
You hit the orc but do no damage.
The orc is moderately wounded.
The orc hits you.
* * * LOW HITPOINT WARNING * * *
You closely miss the orc.
The orc is moderately wounded.
The orc closely misses you. You furiously retaliate!
You headbutt the orc. You completely miss the orc.
The orc is heavily wounded.
The orc hits you.
You die...

#.# . # .# ...... ...
.# # ##.##.#### .. ..
. ...##....# .. >#.#
...##....###
.##.#.####
............ .........
#.).#.###### #....#
#...#.###########o...#
..(......<......@)...#
##(##.############.###
...(.)........ ...
##.##.####### .....
#.#...# ....## #.#...#
.#.##
##.#...########## .#.#
...................
#...#.###...######.


You could see an orc.

Vanquished Creatures
  An orc wizard (D:3)
  3 adders (D:2)
  3 worms (D:2)
  A giant gecko (D:2)
  An ooze (D:1)
  11 orcs (D:3)
  9 bats
  2 giant cockroaches
  8 hobgoblins
  5 kobolds
  A quokka (D:2)
  2 ball pythons
  6 giant newts
  6 goblins
  2 jackals (D:2)
  7 rats
68 creatures vanquished.

Vanquished Creatures (others)
  A fungus (D:2)
1 creature vanquished.

Grand Total: 69 creatures vanquished

Notes
Turn   | Place    | Note
--------------------------------------------------------------
     0 | D:1      | Kenran, the Minotaur Monk, began the quest for the Orb.
     0 | D:1      | Reached XP level 1. HP: 19/19 MP: 1/1
   274 | D:1      | Reached XP level 2. HP: 26/26 MP: 1/1
   286 | D:1      | Reached skill level 5 in Unarmed Combat
   632 | D:1      | Reached XP level 3. HP: 31/31 MP: 2/2
  1276 | D:2      | Found a shattered altar of Ashenzari.
  1282 | D:2      | Saw a vision of the Swamp and the Spider Nest.
  1282 | D:2      | Noticed a redback
  1282 | D:2      | Noticed a redback
  1282 | D:2      | Noticed a giant frog
  1282 | D:2      | Noticed a water moccasin
  1282 | D:2      | Noticed a swamp drake
  1282 | D:2      | Noticed a scorpion
  1282 | D:2      | Noticed a scorpion
  1282 | D:2      | Noticed a yellow wasp
  1283 | D:2      | Noticed a water moccasin
  1284 | D:2      | Noticed a giant slug
  1285 | D:2      | Noticed a scorpion
  1354 | D:2      | Reached skill level 6 in Unarmed Combat
  1496 | D:2      | Reached XP level 4. HP: 35/39 MP: 2/2
  2352 | D:3      | Reached skill level 7 in Unarmed Combat
  2352 | D:3      | Reached XP level 5. HP: 2/45 MP: 2/2
  2354 | D:3      | HP: 1/45 [orc (1)]
  2356 | D:3      | Slain by an orc

Action                   |  1- 3 |  4- 6 || total
-------------------------+-------+-------++-------
Melee: Unarmed           |   101 |    68 ||   169
  Use: Scroll            |     3 |     3 ||     6
